Selects Australian Defense Battlegroup
Selects Australian Light Infantry Section
Australian Light Infantry Section
Australian Light Infantry Section
Construct Field Infirmary
Construct Section Command Post
Australian Light Infantry Section
Selects 2-pounder Anti-tank Gun Team
Construct Platoon Command Post
2-pounder Anti-tank Gun Team
2-pounder Anti-tank Gun Team
Australian Light Infantry Section
2-pounder Anti-tank Gun Team
Australian Light Infantry Section
Construct Company Command Post
Selects CMP 15cwt Supply Run
Selects CMP 15cwt Supply Run
Selects Artillery Trip Wire Flares
Selects Archer Tank Destroyer